 Dungeon Crawl Stone Soup version bcrawl-1.12-10-g10a67aac0f (webtiles) character file.

Game seed: 7141515309675313032

682 Hercules1031 the Covered (level 7, 0/61 HPs)
             Began as a Hill Orc Fighter on June 14, 2019.
             Was an Initiate of Beogh.
             Killed by divine providence
             ... invoked by an orc priest
              (14 damage)
             ... on level 4 of the Dungeon.
             The game lasted 00:10:07 (3393 turns).

Hercules1031 the Covered (Hill Orc Fighter)         Turns: 3393, Time: 00:10:08

Health: 0/61       AC:  8    Str: 21    XL:     7   Next: 61%
Magic:  7/7        EV:  9    Int: 13    God:    Beogh [......]
Gold:   189        SH: 10    Dex: 10    Spells: 6/6 levels left

rFire    . . .     SeeInvis .   g - +2 short sword (drain)
rCold    . . .     Gourm    .   c - +0 shield
rNeg     . . .     Faith    .   b - +0 scale mail
rPois    .         Spirit   .   (no helmet)
rElec    .         Reflect  .   l - +0 cloak
rCorr    .         Harm     .   (no gloves)
MR       .....                  (no boots)
Stlth    +.........             (no amulet)
HPRegen  0.20/turn              p - ring of stealth
MPRegen  0.10/turn              (no ring)

@: brilliant
A: no striking features
a: Renounce Religion


You were on level 4 of the Dungeon.
You worshipped Beogh.
Beogh was noncommittal.
You were not hungry.

You visited 1 branch of the dungeon, and saw 4 of its levels.

You collected 189 gold pieces.

Inventory:

Hand Weapons
 a - a +0 war axe
 g - a +2 short sword of draining (weapon)
Armour
 b - a +0 scale mail (worn)
 c - a +0 shield (worn)
 l - a +0 cloak (worn)
Jewellery
 i - a cursed ring of teleportation
 p - a ring of stealth (left hand)
 s - an uncursed ring of protection from cold {unknown}
Scrolls
 e - 2 scrolls of fog
 h - 4 scrolls of amnesia {unknown}
 j - a scroll of blinking {unknown}
 k - a scroll of enchant weapon {unknown}
 m - 4 scrolls of teleportation {unknown}
 q - 2 scrolls of remove curse {unknown}
 r - 3 scrolls of identify
Potions
 d - a potion of might
Comestibles
 f - 5 rations {!d}


   Skills:
 + Level 5.3 Fighting
   Level 5.3 Short Blades
   Level 5.3 Long Blades
   Level 5.3 Axes
   Level 5.3 Maces & Flails
   Level 5.3 Polearms
   Level 5.3 Staves
 + Level 5.5 Armour
 + Level 3.0 Dodging
 + Level 5.4 Shields
   Level 5.3 Unarmed Combat


You had 6 spell levels left.
You didn't know any spells.
Your spell library was empty.

Dungeon Overview and Level Annotations

Branches:
Dungeon (4/12)
 Temple: D:4-7

Altars:
Hepliaklqana
Uskayaw
Xom


Message History

The orc priest barely misses you.
You hit the ogre.
The ogre is moderately wounded.
The ogre hits you but does no damage.
The orc priest hits you with a +0 short sword.
* * * LOW HITPOINT WARNING * * *
Unknown command.
You completely miss the orc priest.
The orc priest is heavily wounded.
You block the ogre's attack.
You hit the orc priest but do no damage.
You drain the orc priest.
The orc priest is severely wounded.
The orc priest hits you but does no damage.
You completely miss the orc priest.
The orc priest is severely wounded.
The orc priest calls down the wrath of Beogh upon you.
Beogh smites you!
You die...
Beogh appreciates the orc priest's killing of a heretic priest.

.........
#......... ....
#......... ....
#......... .....
#......... .....
##......... .<....
##).†.......
......##.)oO.......
..........#@.......
......#..##........
....# #..###......(
... #..# #...... .
#..# #..... #..#
#.... #..# #...
#..# #.. #..#


You could see an ogre and an orc priest.

Vanquished Creatures
  Menkaure (D:4)
  An ogre (D:4)
  The ghost of Goodini51 the Skirmisher, an amateur DgFi of Demigod (D:3)
  2 crimson imps
  2 orc priests (D:4)
  2 orc wizards (D:3)
  Jessica (D:2)
  An iguana (D:2)
  3 adders
  An ooze (D:2)
  5 worms
  A dart slug (D:1)
  3 leopard geckos
  12 orcs
  5 bats
  7 giant cockroaches
  3 goblins
  9 hobgoblins
  11 jackals
  7 kobolds
  A quokka (D:3)
  6 ball pythons
  2 frilled lizards
  10 rats
97 creatures vanquished.

Vanquished Creatures (others)
  2 orcs (D:4)
2 creatures vanquished.

Grand Total: 99 creatures vanquished

Notes
Turn   | Place    | Note
-------+----------+-------------------------------------------
     0 | D:1      | Hercules1031 the Hill Orc Fighter began the quest for the
                  | Orb.
     0 | D:1      | Reached XP level 1. HP: 20/20 MP: 1/1
    88 | D:1      | Reached XP level 2. HP: 26/27 MP: 2/2
   269 | D:1      | Reached XP level 3. HP: 33/33 MP: 3/3
   349 | D:1      | Reached skill level 1 in Dodging
  1111 | D:2      | Reached XP level 4. HP: 37/41 MP: 4/4
  1501 | D:2      | Noticed Jessica
  1506 | D:2      | Killed Jessica
  1506 | D:2      | Reached XP level 5. HP: 47/47 MP: 5/5
  1517 | D:2      | Found a hide-covered altar of Uskayaw.
  1530 | D:2      | Found a hazy altar of Hepliaklqana.
  1531 | D:2      | Found a shimmering altar of Xom.
  2053 | D:3      | Found a runed translucent gate.
  2055 | D:3      | Found a runed translucent gate.
  2056 | D:3      | Found a runed translucent gate.
  2056 | D:3      | Noticed Goodini51's ghost (amateur DgFi)
  2095 | D:3      | Killed Goodini51's ghost
  2095 | D:3      | Reached XP level 6. HP: 11/55 MP: 6/6
  2841 | D:4      | Reached skill level 5 in Fighting
  2841 | D:4      | Reached skill level 5 in Armour
  2841 | D:4      | Reached skill level 5 in Shields
  2841 | D:4      | Reached XP level 7. HP: 32/61 MP: 7/7
  2864 | D:4      | Noticed Menkaure
  2885 | D:4      | HP: 1/61 [Menkaure (8)]
  2886 | D:4      | Killed Menkaure
  3363 | D:4      | Became a worshipper of Beogh the Brigand
  3393 | D:4      | Killed from afar by an orc priest

Skill      XL: |  1  2  3  4  5  6  7 |
---------------+----------------------+-----
Dodging        | 1 2 3 |  3.0
Armour         | 4 5 |  5.5
Shields        | 4 5 |  5.4
Fighting       | 5 |  5.3
Short Blades   | |  5.3
Long Blades    | |  5.3
Axes           | |  5.3
Maces & Flails | |  5.3
Polearms       | |  5.3
Staves         | |  5.3
Unarmed Combat | |  5.3

Action                   |  1- 3 |  4- 6 |  7- 9 || total
-------------------------+-------+-------+-------++-------
Melee: War axe           |    11 |       |       ||    11
       Short sword       |    96 |   170 |    88 ||   354
Invok: Convert to Beogh  |       |       |     1 ||     1
  Use: Scroll            |     2 |     1 |       ||     3
       Potion            |       |       |     2 ||     2
  Eat: Chunk             |     1 |     2 |       ||     3
       Ration            |       |     1 |     1 ||     2
Armor: Scale mail        |    29 |    46 |    23 ||    98
Dodge: Dodged            |    33 |    43 |    20 ||    96
Block: Shield            |    43 |    60 |    29 ||   132
